[ AOE2 MATCH · #507978636 ]
UnrankedTupi vs Persians
Player's team · WIN
Rival team · LOSS
[ REPLAY ANALYSIS · EXTRACTED FROM THE RECORDED GAME ]
Feudal
9:16
Castle
18:47
Imperial
—
| APM avg | 35.0 |
| APM peak | 71 |
| eAPM avg | 16.9 |
| Villagers / military | 35 / 0 |
Focus
⚔️ 22.9% · 🌾 77.1%
Unknown (2582) ×12
Feudal
—
Castle
—
Imperial
—
| APM avg | 66.7 |
| APM peak | 123 |
| eAPM avg | 31.5 |
| Villagers / military | 73 / 3 |
Focus
⚔️ 11.1% · 🌾 88.9%
Militia ×3
Match map
Initial resources + every placement click. Lines = walls · curves = elevation contours. ◆ gold · ⬟ stone · ● berries · ✦ relic · ◌ wall gap
Your base· Open — unwalled flank
MedicenDuds's base· Open — unwalled flank
Smoothed initial terrain · ◌ = detected wall gap · hover for details
Inputs per minute
— sultan99 - - MedicenDuds
Build order — sultan99
104 actions detected in the replay
| 0:01 | Queue | Villager (Male) |
| 0:02 | Queue | Villager (Male) |
| 0:03 | Build | House |
| 0:05 | Build | House |
| 0:16 | Queue | Villager (Male) |
| 0:16 | Queue | Villager (Male) |
| 1:06 | Queue | Villager (Male) |
| 1:57 | Queue | Villager (Male) |
| 1:57 | Queue | Villager (Male) |
| 2:13 | Queue | Villager (Male) |
| 2:32 | Build | Settlement |
| 2:40 | Queue | Villager (Male) |
| 2:57 | Queue | Villager (Male) |
| 2:58 | Queue | Villager (Male) |
| 3:10 | Queue | Villager (Male) |
| 3:10 | Queue | Villager (Male) |
| 3:27 | Queue | Villager (Male) |
| 3:27 | Queue | Villager (Male) |
| 4:02 | Queue | Villager (Male) |
| 4:19 | Queue | Villager (Male) |
| 4:20 | Queue | Villager (Male) |
| 4:22 | Queue | Villager (Male) |
| 4:44 | Queue | Villager (Male) |
| 4:44 | Queue | Villager (Male) |
| 4:44 | Queue | Villager (Male) |
| 4:48 | Queue | Villager (Male) |
| 4:49 | Queue | Villager (Male) |
| 5:13 | Research | Loom |
| 6:48 | Research | Feudal Age |
| 7:07 | Build | Settlement |
| 8:02 | Queue | Villager (Male) |
| 8:51 | Build | Settlement |
| 9:16 | Age | Feudal Age |
| 9:29 | Build | Palisade Wall |
| 9:34 | Queue | Villager (Male) |
| 9:34 | Queue | Villager (Male) |
| 9:37 | Queue | Villager (Male) |
| 9:42 | Queue | Villager (Male) |
| 9:49 | Build | Settlement |
| 9:51 | Queue | Villager (Male) |
| 9:59 | Queue | Villager (Male) |
| 10:02 | Queue | Villager (Male) |
| 10:19 | Build | Settlement |
| 10:21 | Queue | Villager (Male) |
| 10:35 | Build | Outpost |
| 10:39 | Build | Outpost |
| 10:54 | Queue | Villager (Male) |
| 13:17 | Build | Town Center |
| 14:19 | Build | Outpost |
| 14:31 | Build | Market |
| 15:30 | Build | Blacksmith |
| 15:53 | Build | House |
| 15:55 | Build | Palisade Wall |
| 15:58 | Build | Palisade Gate |
| 16:07 | Research | Castle Age |
| 16:42 | Research | Forging |
| 17:29 | Build | Barracks |
| 17:43 | Queue | Villager (Male) |
| 18:07 | Research | Tech 1402 |
| 18:08 | Research | Scale Mail Armor |
| 18:17 | Build | Farm |
| 18:19 | Build | Farm |
| 18:39 | Build | Farm |
| 18:47 | Age | Castle Age |
| 19:08 | Build | Settlement |
| 19:09 | Build | Farm |
| 19:09 | Build | Farm |
| 19:10 | Build | Farm |
| 19:10 | Build | Farm |
| 19:10 | Build | Farm |
| 19:10 | Build | Farm |
| 19:11 | Build | Farm |
| 19:38 | Queue | Unit 2582 |
| 19:38 | Queue | Unit 2582 |
| 19:44 | Build | House |
| 20:02 | Build | House |
| 20:24 | Queue | Unit 2582 |
| 20:39 | Build | Palisade Wall |
| 20:54 | Queue | Unit 2582 |
| 21:06 | Build | House |
| 21:07 | Build | House |
| 21:07 | Build | House |
| 21:08 | Build | House |
| 21:08 | Build | House |
| 21:22 | Build | Palisade Wall |
| 21:28 | Queue | Unit 2582 |
| 21:56 | Queue | Unit 2582 |
| 21:56 | Queue | Unit 2582 |
| 22:16 | Queue | Unit 2582 |
| 22:33 | Build | Farm |
| 22:33 | Build | Farm |
| 22:34 | Build | Farm |
| 22:34 | Build | Farm |
| 22:34 | Build | Farm |
| 22:34 | Build | Farm |
| 22:43 | Queue | Unit 2582 |
| 22:43 | Queue | Unit 2582 |
| 23:14 | Build | Farm |
| 23:14 | Build | Farm |
| 23:14 | Build | Farm |
| 23:15 | Build | Farm |
| 23:15 | Build | Farm |
| 23:26 | Queue | Unit 2582 |
| 23:27 | Queue | Unit 2582 |
Build order — MedicenDuds
112 actions detected in the replay
| 0:01 | Build | House |
| 0:02 | Queue | Villager (Male) |
| 0:02 | Queue | Villager (Male) |
| 0:03 | Build | House |
| 0:03 | Queue | Villager (Male) |
| 0:06 | Queue | Villager (Male) |
| 0:06 | Queue | Villager (Male) |
| 0:06 | Queue | Villager (Male) |
| 1:26 | Queue | Villager (Male) |
| 1:26 | Queue | Villager (Male) |
| 1:51 | Build | Lumber Camp |
| 1:54 | Queue | Villager (Male) |
| 1:54 | Queue | Villager (Male) |
| 2:19 | Queue | Villager (Male) |
| 2:19 | Queue | Villager (Male) |
| 2:58 | Queue | Villager (Male) |
| 2:58 | Queue | Villager (Male) |
| 3:20 | Build | House |
| 3:24 | Queue | Villager (Male) |
| 3:24 | Queue | Villager (Male) |
| 3:34 | Queue | Villager (Male) |
| 4:03 | Queue | Villager (Male) |
| 4:16 | Queue | Villager (Male) |
| 4:17 | Queue | Villager (Male) |
| 4:17 | Queue | Villager (Male) |
| 5:53 | Queue | Villager (Male) |
| 5:53 | Research | Loom |
| 6:05 | Build | Mill |
| 6:48 | Queue | Villager (Male) |
| 6:50 | Queue | Villager (Male) |
| 6:50 | Queue | Villager (Male) |
| 6:51 | Build | House |
| 8:11 | Build | Town Center |
| 8:23 | Build | Palisade Wall |
| 8:24 | Build | Palisade Wall |
| 8:24 | Build | Palisade Wall |
| 8:24 | Build | Palisade Wall |
| 8:25 | Build | Palisade Wall |
| 8:25 | Build | Palisade Wall |
| 8:25 | Build | Palisade Wall |
| 8:25 | Build | Palisade Wall |
| 8:26 | Build | Palisade Wall |
| 9:15 | Queue | Villager (Male) |
| 9:15 | Queue | Villager (Male) |
| 9:16 | Queue | Villager (Male) |
| 9:16 | Queue | Villager (Male) |
| 9:16 | Queue | Villager (Male) |
| 9:16 | Queue | Villager (Male) |
| 9:38 | Queue | Villager (Male) |
| 9:56 | Build | Barracks |
| 10:24 | Queue | Villager (Male) |
| 10:31 | Build | House |
| 10:44 | Build | House |
| 10:45 | Build | House |
| 11:25 | Queue | Villager (Male) |
| 11:25 | Queue | Villager (Male) |
| 11:53 | Queue | Villager (Male) |
| 11:54 | Queue | Villager (Male) |
| 11:54 | Queue | Villager (Male) |
| 12:30 | Queue | Villager (Male) |
| 12:30 | Queue | Villager (Male) |
| 13:20 | Queue | Villager (Male) |
| 13:20 | Queue | Villager (Male) |
| 13:35 | Queue | Militia |
| 13:36 | Queue | Militia |
| 13:36 | Queue | Militia |
| 13:48 | Queue | Villager (Male) |
| 14:00 | Queue | Villager (Male) |
| 14:00 | Queue | Villager (Male) |
| 14:07 | Build | House |
| 14:35 | Queue | Villager (Male) |
| 15:09 | Queue | Villager (Male) |
| 15:10 | Queue | Villager (Male) |
| 15:56 | Build | Town Center |
| 16:05 | Build | House |
| 16:08 | Build | Palisade Wall |
| 16:09 | Build | Palisade Wall |
| 16:09 | Build | Palisade Wall |
| 17:12 | Build | Lumber Camp |
| 17:24 | Queue | Villager (Male) |
| 17:48 | Queue | Villager (Male) |
| 17:48 | Queue | Villager (Male) |
| 18:09 | Queue | Villager (Male) |
| 18:09 | Queue | Villager (Male) |
| 18:28 | Build | House |
| 18:29 | Build | House |
| 18:35 | Build | Palisade Wall |
| 18:38 | Queue | Villager (Male) |
| 18:38 | Queue | Villager (Male) |
| 19:01 | Queue | Villager (Male) |
| 19:01 | Queue | Villager (Male) |
| 19:31 | Queue | Villager (Male) |
| 19:31 | Queue | Villager (Male) |
| 19:40 | Queue | Villager (Male) |
| 19:40 | Queue | Villager (Male) |
| 20:40 | Queue | Villager (Male) |
| 20:40 | Queue | Villager (Male) |
| 21:13 | Queue | Villager (Male) |
| 21:13 | Queue | Villager (Male) |
| 21:13 | Queue | Villager (Male) |
| 21:40 | Queue | Villager (Male) |
| 21:49 | Build | Farm |
| 21:49 | Build | Farm |
| 21:51 | Build | Farm |
| 22:22 | Queue | Villager (Male) |
| 22:22 | Queue | Villager (Male) |
| 23:08 | Queue | Villager (Male) |
| 23:09 | Queue | Villager (Male) |
| 23:17 | Queue | Villager (Male) |
| 23:17 | Queue | Villager (Male) |
| 23:24 | Build | Farm |
| 23:25 | Build | Farm |
Match timeline
| 8:23 | MedicenDuds · wall_segment Palisade Wall x1 |
| 8:24 | MedicenDuds · wall_segment Palisade Wall x1 |
| 8:24 | MedicenDuds · wall_segment Palisade Wall x1 |
| 8:24 | MedicenDuds · wall_segment Palisade Wall x2 |
| 8:25 | MedicenDuds · wall_segment Palisade Wall x1 |
| 8:25 | MedicenDuds · wall_segment Palisade Wall x1 |
| 8:25 | MedicenDuds · wall_segment Palisade Wall x1 |
| 8:25 | MedicenDuds · wall_segment Palisade Wall x1 |
| 8:26 | MedicenDuds · wall_segment Palisade Wall x1 |
| 9:16 | sultan99 · age_up feudal |
| 9:29 | sultan99 · wall_segment Palisade Wall x1 |
| 9:56 | MedicenDuds · first_building Barracks |
| 15:55 | sultan99 · wall_segment Palisade Wall x1 |
| 16:08 | MedicenDuds · wall_segment Palisade Wall x1 |
| 16:09 | MedicenDuds · wall_segment Palisade Wall x2 |
| 16:09 | MedicenDuds · wall_segment Palisade Wall x1 |
| 17:29 | sultan99 · first_building Barracks |
| 18:35 | MedicenDuds · wall_segment Palisade Wall x1 |
| 18:47 | sultan99 · age_up castle |
| 20:39 | sultan99 · wall_segment Palisade Wall x1 |
| 21:22 | sultan99 · wall_segment Palisade Wall x1 |
| 21:34 | sultan99 · first_market_sell 100 stone |
| 23:34 | MedicenDuds · resign |
[ AI ANALYSIS · 1 CREDIT ]
What really happened in this match?
Wolo.gg analyzes every decision: build order, eco, micro, common mistakes by bracket. Personalized analysis on WhatsApp or Discord in 30 seconds.
Civ guide
Tupi
Perfil
Jugador #2453653